 Dungeon Crawl Stone Soup version 0.21.1-1-g345015fe64 (webtiles) character file.

230543 ibnkola the Executioner (level 18, -10/178 HPs)
             Began as a Minotaur Fighter on July 17, 2018.
             Was a High Priest of Okawaru.
             Killed from afar by a balrug (28 damage)
             ... with a fireball
             ... on level 1 of the Depths.
             The game lasted 01:32:59 (32329 turns).

ibnkola the Executioner (Minotaur Fighter)         Turns: 32329, Time: 01:33:00

Health: -10/178    AC: 34    Str: 33    XL:     18   Next: 33%
Magic:  26/26      EV: 15    Int:  5    God:    Okawaru [*****.]
Gold:   1182       SH:  0    Dex: 14    Spells: 17/17 levels left

rFire    x . .     SeeInvis +   L - +5 war axe of Fury {flame, rF- Dex+4 SInv Stlth+}
rCold    + . .     Gourm    .   (no shield)
rNeg     . . .     Faith    .   x - +3 plate armour
rPois    +         Spirit   .   (helmet restricted)
rElec    .         Reflect  .   T - scarf {cloud immunity}
rCorr    .         Harm     .   U - +2 pair of gloves "Cudeutuoz" {rPois rC+ Str+4}
MR       ++...                  z - +1 pair of boots
Stlth    ..........             E - amulet of regeneration
HPRegen  0.79/turn              a - +4 ring of protection
MPRegen  0.20/turn              n - ring of protection from magic

@: confused, lethally poisoned (-10 -> -11), heroism, finesse
A: retaliatory headbutt, horns 2
}: 2/15 runes: decaying, gossamer
a: Heroism, Finesse, Renounce Religion


You were on level 1 of the Depths.
You worshipped Okawaru.
Okawaru was extremely pleased with you.
You were not hungry.

You visited 8 branches of the dungeon, and saw 34 of its levels.
You also visited: Labyrinth, Ossuary and Ice Cave.

You collected 2348 gold pieces.
You spent 1166 gold pieces at shops.

Inventory:

Hand Weapons
 j - the +0 executioner's axe of Mutualism {freeze, rC+ Str+3 Int+2 Stlth+}
   (Okawaru gifted it to you on level 4 of the Spider Nest)

   It has been specially enchanted to freeze those struck by it, causing extra
   injury to most foes and up to half again as much damage against particularly
   susceptible opponents.
   It can also slow down cold-blooded creatures.
   It affects your strength (+3).
   It affects your intelligence (+2).
   It protects you from cold.
   It makes you more stealthy.
 L - the +5 war axe of Fury (weapon) {flame, rF- Dex+4 SInv Stlth+}
   (You found it on level 9 of the Dungeon)

   It has been specially enchanted to burn those struck by it, causing extra
   injury to most foes and up to half again as much damage against particularly
   susceptible opponents.
   Big, fiery blades are also staple armaments of hydra-hunters.
   It affects your dexterity (+4).
   It makes you vulnerable to fire.
   It lets you see invisible.
   It makes you more stealthy.
Armour
 r - a +2 hat of intelligence
 v - +1 shadow dragon scales
 w - a +0 hat
 x - a +3 plate armour (worn)
 z - a +1 pair of boots (worn)
 O - a +0 pair of boots
 P - +2 storm dragon scales {Bai Suzhen}
 T - a scarf of cloud immunity (worn)
 U - the +2 pair of gloves "Cudeutuoz" (worn) {rPois rC+ Str+4}
   (You found it on level 1 of the Lair of Beasts)

   It affects your strength (+4).
   It protects you from cold.
   It protects you from poison.
Jewellery
 a - a +4 ring of protection (left hand)
 b - a +2 ring of strength
 m - a +5 ring of strength
 n - a ring of protection from magic (right hand)
 A - the ring of Hiubyulo {Ice Int+6}
   (You acquired it on level 1 of the Spider Nest)

   [ring of ice]

   It enhances your ice magic.
   It affects your intelligence (+6).
   It makes you vulnerable to fire.
   It protects you from cold.
 C - the ring "Cask" {rC+ Int+2 Dex-4 SInv Stlth+}
   (You acquired it on level 12 of the Dungeon)

   [ring of intelligence]

   It affects your intelligence (+2).
   It affects your dexterity (-4).
   It protects you from cold.
   It lets you see invisible.
   It makes you more stealthy.
 E - an amulet of regeneration (around neck)
 F - an uncursed ring of poison resistance
 H - an uncursed ring of protection from magic
 W - a +4 ring of evasion
Wands
 d - a wand of digging (38)
 e - a wand of flame (62)
 i - a wand of random effects (126)
 q - a wand of clouds (6)
 B - a wand of polymorph (17)
 J - a wand of enslavement (66)
 K - a wand of acid (40)
 S - a wand of iceblast (29)
 V - a wand of paralysis (29)
Scrolls
 t - 2 scrolls of identify
 u - 6 scrolls of amnesia
 D - 9 scrolls of remove curse
 G - 3 scrolls of fog
 I - 9 scrolls of teleportation
 M - 3 scrolls of magic mapping
 N - 3 scrolls of enchant weapon
 R - 2 scrolls of blinking
 X - 3 scrolls of vulnerability
 Z - 4 scrolls of fear
Potions
 c - a potion of magic
 g - 2 potions of flight
 h - 5 potions of cancellation
 k - 7 potions of lignification
 l - 5 potions of brilliance
 o - 5 potions of ambrosia
 p - 8 potions of curing
 s - 4 potions of agility
 Q - 2 potions of berserk rage
Comestibles
 f - 26 rations


   Skills:
 + Level 19.7(24.7) Fighting
 + Level 21.7(26.7) Axes
 + Level 18.2(23.2) Armour
 + Level 5.8(10.8) Dodging
   Level 3.6(8.6) Shields
 * Level 13.1 Invocations
 - Level 1.6 Evocations


You had 17 spell levels left.
You didn't know any spells.

Dungeon Overview and Level Annotations

Branches:
Dungeon (15/15)            Temple (1/1) D:5            Lair (6/6) D:11
  Swamp (4/4) Lair:3       Spider (4/4) Lair:3        Slime (0/5) Lair:5
    Orc (2/2) D:9             Elf (0/3) Orc:2        Vaults (1/5) D:14
 Depths (1/5) D:15

Altars:
Ashenzari
Cheibriados
Dithmenos
Elyvilon
Fedhas
Gozag
Hepliaklqana
Kikubaaqudgha
Nemelex Xobeh
Okawaru
Qazlal
Ru
Sif Muna
Trog
Vehumet
Wu Jian
Xom
Yredelemnul
Zin
Beogh

Shops:
D:4 !   D:11 !*!%(   D:12 *%*   Orc:2 ==[(*

Annotations:
D:10 ibnkola's ghost, journeyman MiFi
Swamp:1 exclusion: Roxanne, Roxanne


Innate Abilities, Weirdness & Mutations

You reflexively headbutt those who attack you in melee.
You have a pair of horns on your head.


Message History

The fire dragon claws you.
* * * LOW HITPOINT WARNING * * *
The fire dragon tramples you but does no damage.
The stone giant throws a large rock.
The large rock barely misses you.
The yaktaur captain shoots a bolt.
The bolt misses you.
The yaktaur shoots a bolt.
The bolt hits you.
* * * LOW HITPOINT WARNING * * *
Things that are here:
2 large rocks; 5 bolts; a deep troll skeleton You barely miss the hellwing.
You miss the fire dragon. You hit the red devil.
The fire dragon bites you but does no damage.
The fire dragon claws you but does no damage.
The fire dragon tramples you but does no damage.
The red devil hits you but does no damage.
You are more poisoned.
Unknown command.
You feel sick. The balrug gestures at you.
The fireball explodes!
The fireball engulfs you! The fire burns you terribly!
You die...

... #≈≈P≈≈≈≈≈≈≈≈
... #≈≈≈≈≈≈≈≈≈≈P
.... #≈≈P≈≈P≈≈P≈≈
.....#P≈≈≈≈≈PP≈≈≈
.....#P≈P≈≈.C≈≈≈≈
.....2≈P.≈....P.≈
............(....
....c..)@(.......
.....#c.(<.......
......(44D.......
.................
....L.4......(...
.................
.................
...............J≈
.≈§≈≈.........§.


You could see a fire dragon, a stone giant, a lich, a yaktaur captain, a balrug,
a slime creature, a hellwing, a yaktaur and 2 red devils.

Vanquished Creatures
  the Lernaean hydra (Swamp:4)
  Bai Suzhen (Swamp:4)
  Saint Roka (Orc:2)
  Rupert (D:13)
  Asterion (Spider:1)
  Kirke (Lair:5)
  Donald (Swamp:2)
  5 ghost moths (Spider:4)
  An orc warlord (Orc:2)
  4 emperor scorpions
  An entropy weaver (Spider:2)
  Nessos (D:14)
  A stone giant (Orc:2)
  A dire elephant (D:15)
  Azrael (Spider:2)
  A merfolk impaler (Depths:1)
  A fire dragon (Lair:6)
  A minotaur (Lab)
  Josephine (D:12)
  The ghost of zuik the Slicer, a journeyman HaFi of Okawaru (D:11)
  19 hydras
  A ghost crab (Swamp:3)
  3 centaur warriors
  13 death yaks
  A tengu warrior (D:15)
  A deep troll shaman (Depths:1)
  11 alligators
  6 two-headed ogres
  Urug (Lair:2)
  2 orc high priests
  2 iron trolls (D:15)
  Nergalle (Lair:4)
  5 unseen horrors
  A salamander mystic (D:15)
  8 swamp dragons
  2 deep trolls
  2 lindwurms
  Pikel (D:5)
  A wizard (D:15)
  5 orc knights
  14 orb spiders
  10 ugly things
  5 orc sorcerers (Orc:2)
  29 wolf spiders
  2 manticores
  3 oklob plants (Lair:4)
  3 salamanders
  A moth of wrath (shapeshifter) (D:14)
  2 cyclopes
  3 moths of wrath
  4 elephants
  5 black mambas
  2 molten gargoyles (Lair:6)
  A guardian serpent (shapeshifter) (Depths:1)
  2 ice statues (IceCv)
  6 centaur skeletons
  2 torpor snails
  2 gargoyles
  A rime drake (Lair:4)
  10 spiny frogs
  9 komodo dragons
  A kobold demonologist (D:14)
  A yaktaur (Depths:1)
  A tengu conjurer (D:15)
  5 hellwings
  9 demonic crawlers
  2 tyrant leeches
  34 jumping spiders
  15 hornets
  4 trolls
  Grinder (D:3)
  6 polar bears
  A minotaur skeleton (Lab)
  32 slime creatures
  14 hippogriffs
  20 dream sheep
  18 blink frogs
  14 bog bodies
  A meliai zombie (D:15)
  Sigmund (D:3)
  16 spriggans
  66 redbacks
  2 vampires
  32 tarantellas
  3 shadows
  5 wraiths (D:12)
  A water elemental (D:15)
  4 fire elementals (Spider:2)
  3 wyverns
  54 yaks
  A hog (Lair:5)
  4 basilisks
  Eustachio (D:5)
  17 humans
  2 wargs
  Menkaure (D:4)
  3 hungry ghosts
  3 steam dragons
  24 vampire mosquitoes
  A soldier ant (D:14)
  17 insubstantial wisps
  14 swamp worms
  12 water moccasins
  4 hell hounds
  4 porcupines
  11 swamp drakes
  33 orc warriors
  8 black bears
  A phantom (D:7)
  5 sky beasts
  A slave (D:5)
  17 ice beasts
  3 eyes of draining
  A centaur (D:11)
  11 wolves (Lair:3)
  9 ogres
  10 crocodiles
  Blork the orc (D:5)
  3 wyvern zombies
  22 bullfrogs
  3 water moccasin zombies (Ossuary)
  2 wyvern skeletons
  8 scorpions
  7 killer bees
  3 wights (D:13)
  2 howler monkeys (D:8)
  3 electric eels
  7 crimson imps
  4 bullfrog zombies
  5 lava snakes (Lair:6)
  7 hounds
  6 jellies
  27 orc wizards
  2 quasits
  4 centaur zombies
  20 orc priests
  Crazy Yiuf (D:5)
  An iguana (D:7)
  7 worker ants
  3 big kobold zombies (Ossuary)
  3 hound zombies
  A hound skeleton (D:5)
  3 mummies
  3 worker ant zombies
  Robin (D:3)
  4 gnolls
  A howler monkey skeleton (D:4)
  8 adders
  6 shadow imps
  An ooze (D:1)
  3 adder skeletons
  6 adder zombies
  A worm (shapeshifter) (D:14)
  2 worms
  2 dart slugs
  11 leopard geckos
  83 orcs
  9 bats
  4 giant cockroaches
  11 goblins
  9 hobgoblins
  25 jackals
  4 quokkas
  4 ball pythons
  5 frilled lizards
  3 gnoll zombies (Ossuary)
  9 hobgoblin zombies
  11 kobolds
  4 kobold zombies (Ossuary)
  A leopard gecko zombie (D:9)
  8 orc zombies (Ossuary)
  2 quokka skeletons
  A quokka zombie (D:5)
  7 rats
  A bush (Swamp:4)
  2 fungi
  5 plants
1225 creatures vanquished.

Vanquished Creatures (others)
  A stone giant (Depths:1)
  A spriggan (Swamp:2)
  A wolf spider (Spider:2)
  A hornet (Swamp:2)
  3 humans (Lair:5)
  A hell hound (Lair:6)
  A porcupine (Lair:5)
  A jelly (Lair:5)
  An orc wizard (Orc:2)
  9 fungi
  4 plants
24 creatures vanquished.

Grand Total: 1249 creatures vanquished

Notes
Turn   | Place    | Note
-------+----------+-------------------------------------------
     0 | D:1      | ibnkola the Minotaur Fighter began the quest for the Orb.
     0 | D:1      | Reached XP level 1. HP: 19/19 MP: 0/0
   133 | D:1      | Reached XP level 2. HP: 27/27 MP: 1/1
   835 | D:2      | Found a bloodstained altar of Trog.
   889 | D:2      | Found an opulent altar of Gozag.
   889 | D:2      | Found a sparkling altar of Nemelex Xobeh.
  1038 | D:2      | Found a deep blue altar of Sif Muna.
  1063 | D:2      | Reached skill level 3 in Axes
  1063 | D:2      | Reached XP level 3. HP: 33/33 MP: 2/2
  1494 | D:2      | Reached XP level 4. HP: 37/41 MP: 3/3
  1691 | D:2      | Reached skill level 4 in Axes
  1974 | D:3      | Noticed Robin
  1981 | D:3      | Killed Robin
  2025 | D:3      | Reached skill level 5 in Armour
  2025 | D:3      | Reached XP level 5. HP: 9/47 MP: 4/4
  2171 | D:3      | Noticed Grinder
  2189 | D:3      | Killed Grinder
  2189 | D:3      | Reached skill level 5 in Fighting
  2189 | D:3      | Reached skill level 6 in Axes
  2189 | D:3      | Reached XP level 6. HP: 26/56 MP: 5/5
  2511 | D:3      | Found a shimmering altar of Xom.
  2512 | D:3      | Found a shimmering altar of Xom.
  2514 | D:3      | Found a shimmering altar of Xom.
  2515 | D:3      | Found a shimmering altar of Xom.
  2582 | D:3      | Noticed Sigmund
  2593 | D:3      | Killed Sigmund
  2593 | D:3      | Reached XP level 7. HP: 41/61 MP: 6/6
  2877 | D:4      | Noticed Menkaure
  2885 | D:4      | Killed Menkaure
  2885 | D:4      | Reached skill level 7 in Axes
  2885 | D:4      | Reached skill level 1 in Dodging
  3401 | D:4      | Found Mosow's Distillery.
  3404 | D:4      | Bought a potion of curing for 33 gold pieces
  3404 | D:4      | Bought a potion of ambrosia for 88 gold pieces
  3442 | D:4      | Reached skill level 8 in Axes
  3596 | D:4      | Found an ancient bone altar of Kikubaaqudgha.
  3863 | D:5      | Entered Level 5 of the Dungeon
  3920 | D:5      | Found a staircase to the Ecumenical Temple.
  3998 | Temple   | Entered the Ecumenical Temple
  4095 | Temple   | Became a worshipper of Warmaster Okawaru
  4161 | D:5      | Noticed Blork the orc
  4186 | D:5      | Killed Blork the orc
  4186 | D:5      | Reached XP level 8. HP: 36/70 MP: 7/7
  4728 | D:5      | Found a bloodstained altar of Trog.
  4753 | D:5      | Reached skill level 9 in Axes
  4824 | D:5      | Noticed Pikel
  4834 | D:5      | Killed Pikel
  4834 | D:5      | Reached * piety under Okawaru
  5104 | D:5      | Noticed Eustachio
  5291 | D:5      | Killed Eustachio
  5291 | D:5      | Reached skill level 10 in Axes
  5313 | D:5      | Found a runed door.
  5317 | D:5      | Noticed Crazy Yiuf
  5323 | D:5      | Killed Crazy Yiuf
  5323 | D:5      | Reached XP level 9. HP: 67/78 MP: 5/8
  5454 | D:6      | Reached ** piety under Okawaru
  5694 | D:6      | HP: 2/79 [orc warrior/battleaxe (26)]
  6449 | D:6      | Reached skill level 11 in Axes
  6554 | D:7      | Reached *** piety under Okawaru
  6683 | D:7      | Reached skill level 12 in Axes
  6732 | D:7      | Found a sand-covered staircase.
  6737 | Ossuary  | Entered an ossuary
  7164 | Ossuary  | Reached XP level 10. HP: 82/88 MP: 9/9
  7915 | D:8      | Found an ornate altar of the Wu Jian Council.
  7920 | D:8      | Noticed a two-headed ogre
  7928 | D:8      | Killed a two-headed ogre
  7928 | D:8      | Reached skill level 13 in Axes
  8236 | D:8      | Found a white marble altar of Elyvilon.
  8439 | D:9      | Reached **** piety under Okawaru
  8462 | D:9      | Reached skill level 14 in Axes
  8474 | D:9      | Got an encrusted war axe
  8637 | D:9      | Noticed an unseen horror
  8640 | D:9      | Killed an unseen horror
  8677 | D:9      | Identified the +5 war axe of Fury {flame, rF- Dex+4 SInv Stlth+} (You found it on level 9 of the Dungeon)
  8751 | D:9      | Reached XP level 11. HP: 99/99 MP: 10/10
  8790 | D:9      | Reached ***** piety under Okawaru
  8798 | D:9      | Reached skill level 10 in Fighting
  8882 | D:9      | Reached skill level 10 in Armour
  9066 | D:9      | Reached skill level 15 in Axes
  9483 | D:9      | Found a staircase to the Orcish Mines.
  9560 | D:10     | Entered Level 10 of the Dungeon
  9748 | D:10     | Noticed a two-headed ogre
  9761 | D:10     | Killed a two-headed ogre
 10383 | D:10     | Noticed ibnkola's ghost (journeyman MiFi)
 10420 | D:11     | Found Ynuiwa's Food Shoppe.
 10423 | D:11     | Noticed an unseen horror
 10439 | D:11     | Killed an unseen horror
 10584 | D:11     | Found a staircase to the Lair.
 10697 | D:11     | Found Simmaes's Antique Weapon Boutique.
 10777 | D:11     | Noticed an unseen horror
 10784 | D:11     | Killed an unseen horror
 10784 | D:11     | Received a gift from Okawaru
 10857 | D:11     | Found Ysishob's Distillery.
 10860 | D:11     | Bought a potion of curing for 42 gold pieces
 10860 | D:11     | Bought a potion of heal wounds for 70 gold pieces
 10860 | D:11     | Bought a potion of curing for 42 gold pieces
 10929 | D:11     | Found Oqaennis's General Store.
 10993 | D:11     | Found Pijenn Qyrho's Distillery.
 11000 | D:11     | Reached skill level 16 in Axes
 11021 | D:11     | Noticed zuik's ghost (journeyman HaFi)
 11032 | D:11     | Killed zuik's ghost
 11032 | D:11     | Reached ****** piety under Okawaru
 11083 | Lair:1   | Entered Level 1 of the Lair of Beasts
 11089 | Lair:1   | Got a pair of jewelled gloves
 11095 | Lair:1   | Identified the +2 pair of gloves "Cudeutuoz" {rPois rC+ Str+4} (You found it on level 1 of the Lair of Beasts)
 11123 | Lair:1   | Reached XP level 12. HP: 110/110 MP: 11/11
 11447 | Lair:1   | Found a labyrinth entrance.
 11455 | Lab      | Entered a labyrinth
 12327 | Lab      | Noticed a minotaur
 12334 | Lab      | Killed a minotaur
 12413 | Lair:1   | Reached skill level 1 in Evocations
 12917 | Lair:2   | Identified a scroll of acquirement
 13126 | Lair:2   | Noticed Urug
 13140 | Lair:2   | Killed Urug
 13716 | Lair:2   | Noticed a six-headed hydra
 13722 | Lair:2   | Killed a three-headed hydra
 13722 | Lair:2   | Reached skill level 1 in Invocations
 13907 | Lair:3   | Received a gift from Okawaru
 14188 | Lair:3   | Found a staircase to the Swamp.
 14416 | Lair:3   | Found a hole to the Spider Nest.
 14492 | Lair:3   | Reached XP level 13. HP: 122/122 MP: 14/14
 15111 | Lair:4   | Reached skill level 17 in Axes
 15658 | Lair:4   | Noticed Nergalle
 15667 | Lair:4   | Killed Nergalle
 16179 | Lair:5   | Noticed Kirke
 16190 | Lair:5   | Killed Kirke
 16288 | Lair:5   | Reached skill level 5 in Invocations
 16473 | Lair:5   | Received a gift from Okawaru
 16522 | Lair:5   | Found a staircase to the Slime Pits.
 16892 | Lair:5   | Reached XP level 14. HP: 64/132 MP: 11/17
 16917 | Lair:5   | Reached skill level 18 in Axes
 16929 | Lair:5   | Received a gift from Okawaru
 16941 | Lair:5   | Got a faintly humming ring mail {god gift}
 17063 | Lair:6   | Entered Level 6 of the Lair of Beasts
 18423 | Lair:6   | Found a large runed door.
 18424 | Lair:6   | Found a large runed door.
 18448 | Lair:6   | Reached skill level 15 in Fighting
 18471 | Lair:6   | Got a steaming robe
 18550 | Lair:6   | Received a gift from Okawaru
 18561 | Lair:6   | Got a slimy chain mail {god gift}
 19158 | D:12     | Found Eskyoqai's General Store.
 19178 | D:12     | Bought a scroll of acquirement for 572 gold pieces
 19180 | D:12     | Got a twitching brass ring
 19201 | D:12     | Noticed Josephine
 19207 | D:12     | Killed Josephine
 19278 | D:12     | Reached skill level 15 in Armour
 19288 | D:12     | Found Juypuc's Food Boutique.
 19482 | D:12     | Found Dedghun's Assorted Antiques.
 19606 | D:12     | Found Atwidghu's Assorted Antiques.
 19610 | D:12     | Bought a scroll of identify for 72 gold pieces
 19610 | D:12     | Bought a scroll of identify for 72 gold pieces
 19610 | D:12     | Identified the ring "Cask" {rC+ Int+2 Dex-4 SInv Stlth+} (You acquired it on level 12 of the Dungeon)
 19611 | D:12     | Identified the +4 chain mail of Ziasa {Dex+4} (Okawaru gifted it to you on level 6 of the Lair of Beasts)
 19632 | D:12     | Identified the cursed +1 robe of the Fiddle {rF++ rC- MP+9} (You found it on level 6 of the Lair of Beasts)
 19671 | D:12     | Identified the +6 ring mail "Wipulaus" {rN+ Str+2 Int-5} (Okawaru gifted it to you on level 5 of the Lair of Beasts)
 19671 | D:12     | Lost intelligence.
 19791 | D:13     | Noticed Rupert
 19808 | D:13     | Killed Rupert
 19808 | D:13     | Reached skill level 5 in Dodging
 19808 | D:13     | Reached XP level 15. HP: 141/141 MP: 13/20
 20103 | D:13     | Found a frozen archway.
 20122 | D:13     | Reached skill level 19 in Axes
 20157 | IceCv    | Entered an ice cave
 20168 | IceCv    | Found a transporter.
 20575 | D:14     | Found a gate to the Vaults.
 20575 | D:14     | Noticed Nessos
 20615 | D:14     | Received a gift from Okawaru
 20645 | D:14     | Killed Nessos
 21792 | D:15     | Entered Level 15 of the Dungeon
 21819 | D:15     | Received a gift from Okawaru
 22200 | D:15     | Found a staircase to the Depths.
 22206 | D:15     | Reached skill level 10 in Invocations
 22894 | Orc:1    | Entered Level 1 of the Orcish Mines
 22895 | Orc:1    | Found a roughly hewn altar of Beogh.
 22995 | Orc:2    | Entered Level 2 of the Orcish Mines
 23175 | Orc:2    | Found a dark tunnel.
 23261 | Orc:2    | Noticed an orc warlord
 23261 | Orc:2    | Found a roughly hewn altar of Beogh.
 23281 | Orc:2    | Killed an orc warlord
 23287 | Orc:2    | Found Boabelaj's General Store.
 23294 | Orc:2    | Found Ropt's Antique Armour Shoppe.
 23295 | Orc:2    | Received a gift from Okawaru
 23301 | Orc:2    | Found Ivibo's Antique Weapon Shoppe.
 23326 | Orc:2    | Reached XP level 16. HP: 130/154 MP: 22/22
 23364 | Orc:2    | Noticed Saint Roka
 23379 | Orc:2    | Found Awnuceh's Jewellery Emporium.
 23399 | Orc:2    | Killed Saint Roka
 23410 | Orc:2    | Found a roughly hewn altar of Beogh.
 23613 | Orc:2    | Found a staircase to the Elven Halls.
 23651 | Orc:2    | Bought a glowing hat for 175 gold pieces
 23812 | Orc:2    | Found a roughly hewn altar of Beogh.
 23887 | Orc:2    | Found Kuidghal's Jewellery Shoppe.
 24137 | Swamp:1  | Entered Level 1 of the Swamp
 24179 | Swamp:1  | Noticed Roxanne
 24378 | Swamp:1  | Reached skill level 20 in Axes
 24435 | Swamp:1  | Received a gift from Okawaru
 25428 | Swamp:2  | Received a gift from Okawaru
 25438 | Swamp:2  | Got a fine battleaxe {god gift}
 25440 | Swamp:2  | Identified the +1 battleaxe of Unpleasantness {holy, rF- Int+3 Dex+3} (Okawaru gifted it to you on level 2 of the Swamp)
 25500 | Swamp:2  | Noticed Donald
 25526 | Swamp:2  | Killed Donald
 26215 | Swamp:4  | Entered Level 4 of the Swamp
 26241 | Swamp:4  | Received a gift from Okawaru
 26424 | Swamp:4  | Noticed Bai Suzhen
 26445 | Swamp:4  | Killed Bai Suzhen
 26720 | Swamp:4  | Reached XP level 17. HP: 139/165 MP: 24/24
 26742 | Swamp:4  | Noticed the 27-headed Lernaean hydra
 26753 | Swamp:4  | Killed the 20-headed Lernaean hydra
 26760 | Swamp:4  | Got a decaying rune of Zot
 27214 | Spider:1 | Entered Level 1 of the Spider Nest
 27393 | Spider:1 | Got a brightly glowing bronze ring
 27394 | Spider:1 | Identified the ring of Hiubyulo {Ice Int+6} (You acquired it on level 1 of the Spider Nest)
 28117 | Spider:1 | Noticed Asterion
 28127 | Spider:1 | Killed Asterion
 28894 | Spider:2 | Noticed Azrael
 28906 | Spider:2 | Killed Azrael
 28936 | Spider:2 | Reached skill level 21 in Axes
 29318 | Spider:2 | Received a gift from Okawaru
 30132 | Spider:4 | Entered Level 4 of the Spider Nest
 30573 | Spider:4 | Received a gift from Okawaru
 30761 | Spider:4 | Received a gift from Okawaru
 30770 | Spider:4 | Got a faintly glowing executioner's axe {god gift}
 30771 | Spider:4 | Identified the +0 executioner's axe of Mutualism {freeze, rC+ Str+3 Int+2 Stlth+} (Okawaru gifted it to you on level 4 of the Spider Nest)
 30785 | Spider:4 | Reached XP level 18. HP: 63/176 MP: 26/26
 31569 | Spider:4 | Got a gossamer rune of Zot
 31860 | Vaults:1 | Entered Level 1 of the Vaults
 31945 | Depths:1 | Entered Level 1 of the Depths
 32321 | Depths:1 | Noticed a lich
 32329 | Depths:1 | Killed from afar by a balrug

Skill      XL: |  1  2  3  4  5  6  7  8  9 10 11 12 13 14 15 16 17 18 |
---------------+-------------------------------------------------------+-----
Fighting       | 4 5 6 8 9 11 13 14 15 16 18 19 | 19.7
Armour         | 4 5 6 8 9 11 13 14 15 16 18 | 18.2
Axes           | 3 4 6 8 10 12 14 16 17 18 19 20 21 | 21.7
Dodging        | 1 2 4 5 |  5.8
Evocations     | 1 |  1.6
Invocations    | 3 6 8 10 11 12 13 | 13.1
Shields        | |  3.6

Action                   |  1- 3 |  4- 6 |  7- 9 | 10-12 | 13-15 | 16-18 || total
-------------------------+-------+-------+-------+-------+-------+-------++-------
Melee: War axe           |    72 |    66 |   190 |   384 |   963 |  1105 ||  2780
       Headbutt          |     9 |     8 |    63 |   128 |   293 |   298 ||   799
       Battleaxe         |       |       |   157 |   159 |       |       ||   316
       Punch             |       |       |       |       |    14 |     9 ||    23
Invok: Heroism           |       |       |     2 |     2 |    18 |    16 ||    38
       Finesse           |       |       |       |       |    17 |    15 ||    32
Evoke: Wand              |       |       |       |     7 |       |       ||     7
  Use: Scroll            |     6 |     3 |     3 |    18 |    14 |    10 ||    54
       Potion            |       |     4 |     6 |     1 |    12 |    14 ||    37
 Stab: Invisible         |       |       |       |       |    13 |       ||    13
  Eat: Chunk             |     2 |     3 |     8 |    19 |    29 |     7 ||    68
       Ration            |       |       |     4 |     2 |       |     7 ||    13
Armor: Scale mail        |    44 |    16 |   144 |    10 |       |       ||   214
       Plate armour      |       |       |       |   272 |   420 |   917 ||  1609
Dodge: Dodged            |    39 |    38 |   182 |   285 |   365 |   641 ||  1550
